% Time on Ice - SEATTLE GRUNGE
Lines # - Real PCT - Wanted PCT - Time Play
Normal Forward
1 - 35% - 37% - 17:38
2 - 34% - 36% - 16:50
3 - 20% - 22% - 10:07
4 - 11% - 5% - 5:24
Normal Defense
1 - 37% - 40% - 18:23
2 - 37% - 39% - 18:40
3 - 23% - 21% - 11:40
4 - 3% - 0% - 1:16
PP Forward
1 - 100% - 55% - 0:14
2 - 0% - 45% - 0:00
PP Defense
1 - 0% - 55% - 0:00
2 - 100% - 45% - 0:14
PK Forward
1 - 60% - 55% - 5:29
2 - 40% - 45% - 3:38
PK Defense
1 - 46% - 55% - 4:14
2 - 54% - 45% - 4:53
PK3 Forward
1 - 0% - 55%
2 - 0% - 45%
PK3 Defense
1 - 0% - 55%
2 - 0% - 45%
44 Forward
1 - 0% - 55%
2 - 0% - 45%
44 Defense
1 - 0% - 55%
2 - 0% - 45%
Last Minute Offensive  - 0:40
Last Minute Defensive  - 0:00
Total
Forward - 60:00
Defense - 60:00
% Time on Ice - CALGARY FIREMEN
Lines # - Real PCT - Wanted PCT - Time Play
Normal Forward
1 - 29% - 32% - 14:16
2 - 33% - 30% - 16:20
3 - 27% - 25% - 13:29
4 - 11% - 13% - 5:36
Normal Defense
1 - 31% - 32% - 15:39
2 - 31% - 30% - 15:24
3 - 31% - 25% - 15:30
4 - 6% - 13% - 3:08
PP Forward
1 - 51% - 50% - 4:38
2 - 49% - 50% - 4:29
PP Defense
1 - 53% - 50% - 4:52
2 - 47% - 50% - 4:15
PK Forward
1 - 0% - 50% - 0:00
2 - 100% - 50% - 0:14
PK Defense
1 - 100% - 50% - 0:14
2 - 0% - 50% - 0:00
PK3 Forward
1 - 0% - 50%
2 - 0% - 50%
PK3 Defense
1 - 0% - 50%
2 - 0% - 50%
44 Forward
1 - 0% - 50%
2 - 0% - 50%
44 Defense
1 - 0% - 50%
2 - 0% - 50%
Last Minute Offensive  - 0:00
Last Minute Defensive  - 0:58
Total
Forward - 60:00
Defense - 60:00
Play-by-Play 1st period 0:01 of 1st period - Chris Tierney wins face-off versus Adam Henrique in neutral zone. 0:23 of 1st period - Shot by Adam Henrique. 0:23 of 1st period - Shot Misses the Net. 0:25 of 1st period - Shot by Sami Vatanen. 0:25 of 1st period - Stopped by Semyon Varlamov without a rebound. 0:26 of 1st period - Ryan Johansen wins face-off versus Tyler Seguin in SEATTLE GRUNGE zone. 0:37 of 1st period - Shot by Vladislav Namestnikov. 0:37 of 1st period - Stopped by Antti Raanta without a rebound. 0:38 of 1st period - Joakim Nygard wins face-off versus Morgan Geekie in CALGARY FIREMEN zone. 0:49 of 1st period - Icing by Frans Nielsen. 0:50 of 1st period - Tyler Seguin wins face-off versus Frans Nielsen in CALGARY FIREMEN zone. 1:09 of 1st period - Shot by Tyler Seguin. 1:09 of 1st period - Shot Misses the Net. 1:11 of 1st period - Shot by Damon Severson. 1:11 of 1st period - Shot Blocked by Jonathon Merrill. 1:20 of 1st period - Off-side. 1:21 of 1st period - Morgan Geekie wins face-off versus Ryan Johansen in neutral zone. 1:30 of 1st period - Shot by Morgan Geekie. 1:30 of 1st period - Stopped by Antti Raanta with a rebound. 2:45 of 1st period - Josh Bailey is hit by Brent Seabrook and loses puck. 2:53 of 1st period - Slater Koekkoek is hit by Brett Howden and loses puck. 3:00 of 1st period - Brett Howden is hit by Josh Bailey and loses puck. 3:09 of 1st period - Shot by Mike Hoffman. 3:09 of 1st period - Shot Misses the Net. 3:34 of 1st period - Shot by Wayne Simmonds. 3:34 of 1st period - Stopped by Antti Raanta without a rebound. 3:35 of 1st period - Jason Spezza wins face-off versus Frans Nielsen in CALGARY FIREMEN zone. 3:38 of 1st period - Shot by Ryan Reaves. 3:38 of 1st period - Shot Misses the Net. 3:40 of 1st period - Shot by Travis Sanheim. 3:40 of 1st period - Goal by Travis Sanheim - SEATTLE GRUNGE : 1 - CALGARY FIREMEN : 0. 3:41 of 1st period - Wayne Simmonds wins face-off versus Frans Nielsen in neutral zone. 3:55 of 1st period - Icing by Vladislav Namestnikov. 3:56 of 1st period - Tyler Seguin wins face-off versus Oskar Lindblom in SEATTLE GRUNGE zone. 4:08 of 1st period - Shot by Brendan Gallagher. 4:08 of 1st period - Shot Misses the Net. 4:20 of 1st period - Shot by Brendan Gallagher. 4:20 of 1st period - Stopped by Semyon Varlamov without a rebound. 4:21 of 1st period - Frans Nielsen wins face-off versus Mike Hoffman in SEATTLE GRUNGE zone. 4:40 of 1st period - Shot by Joakim Nygard. 4:40 of 1st period - Shot Blocked by Roman Josi. 5:31 of 1st period - Shot by Adam Henrique. 5:31 of 1st period - Shot Misses the Net. 5:33 of 1st period - Shot by Adam Henrique. 5:33 of 1st period - Stopped by Semyon Varlamov without a rebound. 5:34 of 1st period - Tyler Seguin wins face-off versus Ryan Johansen in SEATTLE GRUNGE zone. 5:34 of 1st period - Wayne Simmonds is hit by Ryan Johansen and loses puck. 5:39 of 1st period - Shot by Oskar Lindblom. 5:39 of 1st period - Shot Blocked by Travis Sanheim. 5:56 of 1st period - Shot by Oskar Lindblom. 5:56 of 1st period - Shot Misses the Net. 5:58 of 1st period - Shot by Oskar Lindblom. 5:58 of 1st period - Shot Blocked by Travis Sanheim. 6:00 of 1st period - Shot by Brendan Gallagher. 6:00 of 1st period - Shot Misses the Net. 6:12 of 1st period - Shot by Oskar Lindblom. 6:12 of 1st period - Shot Misses the Net. 6:20 of 1st period - Shot by Oskar Lindblom. 6:20 of 1st period - Stopped by Semyon Varlamov without a rebound. 6:21 of 1st period - Jason Spezza wins face-off versus Viktor Arvidsson in SEATTLE GRUNGE zone. 6:26 of 1st period - Shot by Jason Spezza. 6:26 of 1st period - Stopped by Antti Raanta without a rebound. 6:27 of 1st period - Jason Spezza wins face-off versus Adam Henrique in CALGARY FIREMEN zone. 6:54 of 1st period - Shot by Jason Spezza. 6:54 of 1st period - Goal by Jason Spezza - SEATTLE GRUNGE : 2 - CALGARY FIREMEN : 0. 6:55 of 1st period - Ryan Johansen wins face-off versus Morgan Geekie in neutral zone. 7:07 of 1st period - Damon Severson is hit by Ryan Johansen and loses puck. 7:30 of 1st period - Off-side. 7:31 of 1st period - Adam Henrique wins face-off versus Chris Tierney in neutral zone. 7:49 of 1st period - Shot by Filip Forsberg. 7:49 of 1st period - Stopped by Semyon Varlamov with a rebound. 8:21 of 1st period - Icing by Jake McCabe. 8:22 of 1st period - Adam Henrique wins face-off versus Tyler Seguin in CALGARY FIREMEN zone. 8:36 of 1st period - Tyler Seguin is hit by Markus Nutivaara and loses puck. 8:54 of 1st period - Icing by Joakim Nygard. 8:55 of 1st period - Morgan Geekie wins face-off versus Joakim Nygard in CALGARY FIREMEN zone. 9:47 of 1st period - Shot by Brendan Gallagher. 9:47 of 1st period - Deflect By Ryan Johansen. 9:47 of 1st period - Shot Misses the Net. 9:49 of 1st period - Shot by Oskar Lindblom. 9:49 of 1st period - Deflect By Brendan Gallagher. 9:49 of 1st period - Shot Misses the Net. 9:51 of 1st period - Shot by Oskar Lindblom. 9:51 of 1st period - Stopped by Semyon Varlamov without a rebound. 9:52 of 1st period - Adam Henrique wins face-off versus Tyler Seguin in SEATTLE GRUNGE zone. 10:11 of 1st period - Shot by Filip Forsberg. 10:11 of 1st period - Shot Misses the Net. 10:19 of 1st period - Shot by Adam Henrique. 10:19 of 1st period - Stopped by Semyon Varlamov with a rebound. 10:23 of 1st period - Shot by Viktor Arvidsson. 10:23 of 1st period - Goal by Viktor Arvidsson - SEATTLE GRUNGE : 2 - CALGARY FIREMEN : 1. 10:24 of 1st period - Chris Tierney wins face-off versus Ryan Johansen in neutral zone. 10:37 of 1st period - Shot by Oskar Lindblom. 10:37 of 1st period - Stopped by Semyon Varlamov without a rebound. 10:38 of 1st period - Frans Nielsen wins face-off versus Jason Spezza in SEATTLE GRUNGE zone. 10:47 of 1st period - Shot by Joakim Nygard. 10:47 of 1st period - Deflect By Frans Nielsen. 10:47 of 1st period - Stopped by Semyon Varlamov without a rebound. 10:48 of 1st period - Chris Tierney wins face-off versus Viktor Arvidsson in SEATTLE GRUNGE zone. 13:04 of 1st period - Icing by Matthew Grzelcyk. 13:05 of 1st period - Morgan Geekie wins face-off versus Frans Nielsen in SEATTLE GRUNGE zone. 13:24 of 1st period - Shot by Morgan Geekie. 13:24 of 1st period - Shot Misses the Net. 14:00 of 1st period - Shot by Josh Bailey. 14:00 of 1st period - Shot Hit the Post. 14:02 of 1st period - Shot by David Savard. 14:02 of 1st period - Shot Misses the Net. 14:04 of 1st period - Shot by Roman Josi. 14:04 of 1st period - Stopped by Antti Raanta without a rebound. 14:05 of 1st period - Tyler Seguin wins face-off versus Ryan Johansen in CALGARY FIREMEN zone. 14:28 of 1st period - Shot by Vladislav Namestnikov. 14:28 of 1st period - Stopped by Antti Raanta without a rebound. 14:29 of 1st period - Jason Spezza wins face-off versus Brett Howden in CALGARY FIREMEN zone. 14:39 of 1st period - Brett Howden is hit by David Savard and loses puck. 14:59 of 1st period - Minor Penalty to Roman Josi for Roughing. 15:00 of 1st period - Morgan Geekie wins face-off versus Ryan Johansen in SEATTLE GRUNGE zone. 15:17 of 1st period - Shot by Ryan Johansen. 15:17 of 1st period - Goal by Ryan Johansen - SEATTLE GRUNGE : 2 - CALGARY FIREMEN : 2. 15:18 of 1st period - Frans Nielsen wins face-off versus Vladislav Namestnikov in neutral zone. 15:25 of 1st period - Shot by Joakim Nygard. 15:25 of 1st period - Shot Misses the Net. 15:27 of 1st period - Shot by Joakim Nygard. 15:27 of 1st period - Deflect By Sonny Milano. 15:27 of 1st period - Shot Misses the Net. 15:29 of 1st period - Shot by Joakim Nygard. 15:29 of 1st period - Shot Blocked by Matthew Grzelcyk. 15:41 of 1st period - Shot by Sonny Milano. 15:41 of 1st period - Shot Misses the Net. 16:25 of 1st period - Shot by Mike Hoffman. 16:25 of 1st period - Goal by Mike Hoffman - SEATTLE GRUNGE : 3 - CALGARY FIREMEN : 2. 16:26 of 1st period - Morgan Geekie wins face-off versus Adam Henrique in neutral zone. 16:40 of 1st period - Shot by Morgan Geekie. 16:40 of 1st period - Shot Blocked by Adam Henrique. 17:23 of 1st period - Off-side. 17:24 of 1st period - Chris Tierney wins face-off versus Ryan Johansen in neutral zone. 17:29 of 1st period - Icing by Brendan Gallagher. 17:30 of 1st period - Ryan Johansen wins face-off versus Chris Tierney in CALGARY FIREMEN zone. 17:30 of 1st period - Ryan Johansen is hit by Josh Bailey. 17:36 of 1st period - Shot by Brendan Gallagher. 17:36 of 1st period - Deflect By Oskar Lindblom. 17:36 of 1st period - Shot Misses the Net. 18:14 of 1st period - Shot by Mike Hoffman. 18:14 of 1st period - Shot Misses the Net. 18:34 of 1st period - Shot by Sonny Milano. 18:34 of 1st period - Shot Misses the Net. 18:36 of 1st period - Shot by Joakim Nygard. 18:36 of 1st period - Stopped by Semyon Varlamov without a rebound. 18:37 of 1st period - Brett Howden wins face-off versus Jason Spezza in SEATTLE GRUNGE zone. 18:53 of 1st period - Icing by Roman Josi. 18:54 of 1st period - Jason Spezza wins face-off versus Frans Nielsen in SEATTLE GRUNGE zone. 19:06 of 1st period - Shot by Ryan Reaves. 19:06 of 1st period - Stopped by Antti Raanta without a rebound. 19:07 of 1st period - Adam Henrique wins face-off versus Tyler Seguin in CALGARY FIREMEN zone. 19:13 of 1st period - Off-side. 19:14 of 1st period - Tyler Seguin wins face-off versus Brett Howden in neutral zone. 19:17 of 1st period - Andy Greene is hit by Vladislav Namestnikov and loses puck. 19:24 of 1st period - Shot by Brett Howden. 19:24 of 1st period - Deflect By Adam Henrique. 19:24 of 1st period - Stopped by Semyon Varlamov without a rebound. 19:25 of 1st period - Chris Tierney wins face-off versus Frans Nielsen in SEATTLE GRUNGE zone. 19:34 of 1st period - Shot by Josh Bailey. 19:34 of 1st period - Shot Blocked by Brent Seabrook. 19:36 of 1st period - Shot by David Savard. 19:36 of 1st period - Stopped by Antti Raanta without a rebound. 19:37 of 1st period - Adam Henrique wins face-off versus Tyler Seguin in CALGARY FIREMEN zone. Goals for this period are 3 for SEATTLE GRUNGE vs 2 for CALGARY FIREMEN. Shots for this period are 11 for SEATTLE GRUNGE vs 13 for CALGARY FIREMEN. 2nd period 0:01 of 2nd period - Brett Howden wins face-off versus Chris Tierney in neutral zone. 0:20 of 2nd period - Icing by Travis Sanheim. 0:21 of 2nd period - Chris Tierney wins face-off versus Ryan Johansen in SEATTLE GRUNGE zone. 0:21 of 2nd period - Chris Tierney is hit by Oskar Lindblom. 0:36 of 2nd period - Shot by Mike Hoffman. 0:36 of 2nd period - Stopped by Antti Raanta without a rebound. 0:37 of 2nd period - Tyler Seguin wins face-off versus Adam Henrique in CALGARY FIREMEN zone. 1:02 of 2nd period - Shot by Tyler Seguin. 1:02 of 2nd period - Shot Misses the Net. 1:34 of 2nd period - Shot by Mike Hoffman. 1:34 of 2nd period - Stopped by Antti Raanta without a rebound. 1:35 of 2nd period - Frans Nielsen wins face-off versus Chris Tierney in CALGARY FIREMEN zone. 1:37 of 2nd period - Icing by Sami Vatanen. 1:38 of 2nd period - Frans Nielsen wins face-off versus Chris Tierney in CALGARY FIREMEN zone. 1:38 of 2nd period - Sami Vatanen is hit by Ch